 Dungeon Crawl Stone Soup version 0.17-a0-1910-g4c791fa (webtiles) character file.

31 mcbry74 the Charmwright (level 3, 0/24 HPs)
             Began as a High Elf Skald on Sept 25, 2015.
             Slain by an adder (4 damage)
             ... on level 2 of the Dungeon.
             The game lasted 00:08:04 (1080 turns).

mcbry74 the Charmwright (High Elf Skald)            Turns: 1080, Time: 00:08:05

Health: 0/24       AC:  5    Str: 11    XL:     3   Next: 7%
Magic:  14/16      EV: 10    Int: 16    God:
Gold:   56         SH:  0    Dex: 15    Spells: 3 memorised, 2 levels left

rFire  . . .     SeeInvis .     a - +0 falchion
rCold  . . .     Clarity  .     i - -1 ring mail
rNeg   . . .     SustAt   .     (no shield)
rPois  .         Gourm    .     (no helmet)
rElec  .         Spirit   .     h - +0 cloak
rCorr  .         Warding  .     (no gloves)
rMut   .         Stasis   .     (no boots)
MR     .....                    (no amulet)
Stlth  +.........               (no ring)
                                m - ring of magical power

@: infused, not resistant to hostile enchantments, very unstealthy
A: no striking features
a: no special abilities


You were on level 2 of the Dungeon.
You were hungry.

You visited 1 branch of the dungeon, and saw 2 of its levels.

You collected 56 gold pieces.

Inventory:

Hand weapons
 a - a +0 falchion (weapon)
Armour
 b - a +0 leather armour
 h - a +0 cloak (worn)
 i - a -1 ring mail (worn)
Jewellery
 m - a ring of magical power (left hand)
Scrolls
 e - a scroll of identify
Potions
 f - 2 potions of curing
Books
 c - a book of Battle

   Spells                             Type                      Level
   a - Infusion                       Charms                       1
   b - Shroud of Golubria             Charms/Translocation         2
   c - Song of Slaying                Charms                       2
   d - Spectral Weapon                Hexes/Charms                 3
   e - Regeneration                   Charms/Necromancy            3
Comestibles
 d - a bread ration
 g - 2 chunks of flesh


   Skills:
 + Level 2.0 Fighting
 + Level 2.8 Long Blades
 + Level 1.1 Armour
 + Level 1.2 Dodging
 + Level 0.2 Stealth
 + Level 2.6 Spellcasting
 + Level 4.4 Charms


You had 2 spell levels left.
You knew the following spells:

 Your Spells              Type           Power        Failure   Level  Hunger
a - Infusion              Chrm           ###...       10%         1    #......
b - Song of Slaying       Chrm           ###.....     12%         2    ##.....
c - Shroud of Golubria    Chrm/Tloc      #.........   34%         2    ##.....


Dungeon Overview and Level Annotations

Branches:
Dungeon (2/15)

Altars:


Message History

You start resting.
You feel sick.
You feel sick. x9
You are no longer poisoned.
You start resting.
You are feeling hungry.
You start resting.
An adder comes into view.
You see here a bat skeleton.
Casting: Infusion
Confirm with . or Enter, or press ? or * to list all spells.
You begin infusing your attacks with magical energy.
The adder bites you.
* * * LOW HITPOINT WARNING * * *
You are too injured to fight recklessly!
You are too injured to fight recklessly!
You are too injured to fight recklessly!
You hit the adder.
The adder is heavily wounded.
The adder bites you.
You die...

#.....#...#.#..#*.#,,...,,,,,
######'#[#.#.#..##.#.S...,***,
#..<.....#.#.#.......#***,*##,
#.......##.#.##.##.#.#*,,,,.,,
#.......##.#.....#.#.#***,.,,,
#.......##.#..##.#.#.# *.#***
#.......##.#.........####.###*
#####...+.)...S.............#*
######...##...@..............#*
#..............#.##....รท...#,*
#######........#.##........#,**
####........#.##........#,,,
#...........#...........#**,
#.##.###.#..#.##..#........,
#.##.###.#..#.##..#########*
#........#........#
####........#.....# ****


You could see an adder.

Vanquished Creatures
  An adder (D:2)
  A ball python (D:1)
  5 bats
  2 goblins (D:1)
  3 hobgoblins
  2 jackals (D:1)
  2 kobolds (D:1)
  A giant newt (D:1)
  4 rats
21 creatures vanquished.

Notes
Turn   | Place    | Note
--------------------------------------------------------------
     0 | D:1      | mcbry74 the High Elf Skald began the quest for the Orb.
     0 | D:1      | Reached XP level 1. HP: 14/14 MP: 4/4
   107 | D:1      | Reached skill level 4 in Charms
   307 | D:1      | Reached XP level 2. HP: 19/19 MP: 6/6
   766 | D:1      | Learned a level 2 spell: Song of Slaying
   769 | D:1      | Learned a level 2 spell: Shroud of Golubria
  1000 | D:2      | Reached skill level 1 in Armour
  1000 | D:2      | Reached XP level 3. HP: 13/24 MP: 7/7
  1080 | D:2      | Slain by an adder

Vault maps used:
D:1:      dpeg_arrival_shelter, minmay_misc_feat_iff
D:2:      overflow_temple_1_default

Action                   || total
-------------------------++-------
Melee: Falchion          ||    70
 Cast: Infusion          ||     2
  Use: Scroll            ||     4
       Potion            ||     1
